EVO
WASHINGTON STATE UNIVERSITY COUGARS @ PENNSYLVANIA STATE UNIVERSITY NITTANY LIONS
10/24/2044
 
TOP OF THE 1ST
Clemson University Tigers batting - Pitching for Oklahoma State University Cowboys : RHP Brian Trejo
Pitching: RHP Brian Trejo
Batting: SHB Blaine Peters 0-0: Ball
1-0: Ball
2-0: Fly out, F8 (Flyball, 8RD, EV 94.4 MPH)
Batting: RHB Bill Cabrera 0-0: Called Strike
0-1: Ball
1-1: Called Strike
1-2: Foul Ball, location: 2F
1-2: Ball
2-2: SINGLE (Flyball, 8RS, EV 97.5 MPH)
Batting: RHB Chris McCoy 0-0: Swinging Strike
0-1: Ball
1-1: Called Strike
1-2: Strikes out swinging
Batting: RHB Chris Tatum 0-0: Ball
1-0: SINGLE (Line Drive, 5D, EV 110.0 MPH)
Bill Cabrera to second
Batting: RHB Bubba Tierney 0-0: Foul Ball, location: 2F
0-1: Foul Ball, location: 2F
0-2: Strikes out swinging
Top of the 1st over - 0 runs, 2 hits, 0 errors, 2 left on base; Clemson University 0 - Oklahoma State University 0
BOTTOM OF THE 1ST
Oklahoma State University Cowboys batting - Pitching for Clemson University Tigers : RHP Tom Winsor
Pitching: RHP Tom Winsor
Batting: RHB Cyril Husson 0-0: Called Strike
0-1: Ground out 1-3 (Groundball, 15S, EV 63.1 MPH)
Batting: SHB Robert Sayer 0-0: Called Strike
0-1: Ball
1-1: Ball
2-1: Foul Ball, location: 2F
2-2: Foul Ball, location: 2F
2-2: Fly out, F8 (Line Drive, 8LD, EV 95.6 MPH)
Pitching: RHP Joe Shoemaker
Batting: RHB Tanner Purchase 0-0: Ball
1-0: Called Strike
1-1: Swinging Strike
1-2: Strikes out swinging
Bottom of the 1st over - 0 runs, 0 hits, 0 errors, 0 left on base; Clemson University 0 - Oklahoma State University 0
TOP OF THE 2ND
Clemson University Tigers batting - Pitching for Oklahoma State University Cowboys : RHP Brian Trejo
Batting: RHB Nick Solberg 0-0: Ball
1-0: Ball
2-0: Ball
3-0: Called Strike
3-1: Base on Balls
Batting: LHB Jose Chavez 0-0: Foul Ball, location: 2F
0-1: Fielders Choice at 2nd, 4-6 (Groundball, 4, EV 105.6 MPH)
Batting: RHB Jonathan Kirsch 0-0: Ball
Jose Chavez steals 2nd base
1-0: Foul Ball, location: 2F
1-1: DOUBLE (Flyball, 8LXD, EV 93.1 MPH)
Jose Chavez scores
Batting: LHB Ichiro Toyota 0-0: Ball
1-0: Swinging Strike
1-1: Fly out, F7 (Flyball, 7D, EV 96.9 MPH)
Runner from 2nd tags up, SAFE at 3rd, no throw by LF
Batting: SHB Blaine Peters 0-0: Ball
1-0: Foul Ball, location: 2F
1-1: Swinging Strike
1-2: Strikes out swinging
Top of the 2nd over - 1 run, 1 hit, 0 errors, 1 left on base; Clemson University 1 - Oklahoma State University 0
BOTTOM OF THE 2ND
Oklahoma State University Cowboys batting - Pitching for Clemson University Tigers : RHP Joe Shoemaker
Batting: RHB Sergio Torres 0-0: Foul Ball, location: 2F
0-1: Ball
1-1: Called Strike
1-2: Ball
2-2: Foul Ball, location: 2F
2-2: Ball
3-2: Base on Balls
Batting: LHB Roman Downey 0-0: SINGLE (Flyball, 6D, EV 90.0 MPH)
Sergio Torres to second
Batting: SHB Mike Corley 0-0: Ball
1-0: Ball
2-0: Ball
3-0: Called Strike
3-1: Base on Balls
Sergio Torres to third
Roman Downey to second
Pinch Hitting: LHB Angel Mejia 0-0: Fly out, F8 (Flyball, 89M, EV 93.1 MPH)
Batting: RHB Brian Gargis 0-0: Called Strike
0-1: Called Strike
0-2: Ball
1-2: Ball
2-2: Foul Ball, location: 2F
2-2: Foul Ball, location: 2F
2-2: GRAND SLAM HOME RUN (Flyball, 9LD, EV 95.0 MPH), Distance : 348 ft
Pitching: RHP Kyle Rindels
Batting: RHB Chris Temple 0-0: Ball
1-0: Called Strike
1-1: Swinging Strike
1-2: Foul Ball, location: 2F
1-2: Foul Ball, location: 2F
1-2: Ball
2-2: Ball
3-2: Base on Balls
Batting: RHB Cyril Husson 0-0: Hit by Pitch
Chris Temple to second
Batting: SHB Robert Sayer 0-0: Called Strike
0-1: Foul Ball, location: 2F
0-2: Foul Ball, location: 2F
0-2: Fly out, F8 (Flyball, 8RD, EV 74.4 MPH)
Batting: RHB Tanner Purchase 0-0: Swinging Strike
0-1: Ball
Wild Pitch!
Chris Temple to third
Cyril Husson to second
1-1: Ground out 4-3 (Groundball, 4, EV 81.9 MPH)
Bottom of the 2nd over - 4 runs, 2 hits, 0 errors, 2 left on base; Clemson University 1 - Oklahoma State University 4
TOP OF THE 3RD
Clemson University Tigers batting - Pitching for Oklahoma State University Cowboys : RHP Brian Trejo
Now at 3B: Angel Mejia
Batting: RHB Bill Cabrera 0-0: Called Strike
0-1: Ball
1-1: Ball
2-1: Foul Ball, location: 2F
2-2: Ball
3-2: Strikes out swinging
Batting: RHB Chris McCoy 0-0: Foul Ball, location: 2F
0-1: Ball
1-1: Fly out, F6 (Popup, 6MS, EV 70.0 MPH)
Batting: RHB Chris Tatum 0-0: Ball
1-0: Swinging Strike
1-1: Foul Ball, location: 2F
1-2: Ground out U3 (Groundball, 3, EV 97.5 MPH)
Top of the 3rd over - 0 runs, 0 hits, 0 errors, 0 left on base; Clemson University 1 - Oklahoma State University 4
BOTTOM OF THE 3RD
Oklahoma State University Cowboys batting - Pitching for Clemson University Tigers : RHP Kyle Rindels
Batting: RHB Sergio Torres 0-0: Ball
1-0: Called Strike
1-1: TRIPLE (Flyball, 7LD, EV 105.0 MPH)
Batting: LHB Roman Downey 0-0: Ball
1-0: Ball
2-0: Ball
3-0: Base on Balls
Batting: SHB Mike Corley 0-0: Ball
1-0: Called Strike
1-1: Called Strike
1-2: Foul Ball, location: 2F
1-2: Ball
2-2: Fielders Choice at 2nd, 4-6 (Groundball, 4M, EV 78.8 MPH)
Sergio Torres scores
Batting: LHB Angel Mejia 0-0: Ball
1-0: Called Strike
1-1: Called Strike
1-2: Strikes out swinging
Batting: RHB Brian Gargis 0-0: Called Strike
0-1: Ball
1-1: Ball
2-1: Foul Ball, location: 2F
2-2: Ball
3-2: Foul Ball, location: 2F
3-2: Base on Balls
Mike Corley to second
Batting: RHB Chris Temple 0-0: Ball
1-0: Called Strike
1-1: 3-RUN HOME RUN (Line Drive, 7D, EV 96.9 MPH), Distance : 395 ft
Pitching: RHP Jose Vigil
Batting: RHB Cyril Husson 0-0: SINGLE (Groundball, 6MD, EV 103.8 MPH)
Batting: SHB Robert Sayer 0-0: Foul Ball, location: 2F
0-1: Swinging Strike
0-2: Strikes out looking
Bottom of the 3rd over - 4 runs, 3 hits, 0 errors, 1 left on base; Clemson University 1 - Oklahoma State University 8
TOP OF THE 4TH
Clemson University Tigers batting - Pitching for Oklahoma State University Cowboys : RHP Brian Trejo
Batting: RHB Bubba Tierney 0-0: Called Strike
0-1: SINGLE (Groundball, 6MD, EV 94.4 MPH)
Batting: RHB Nick Solberg 0-0: Grounds into double play, 6-4-3 (Groundball, 6, EV 91.9 MPH)
Batting: LHB Jose Chavez 0-0: Ball
1-0: Ball
2-0: Foul Ball, location: 2F
2-1: Fly out, F7 (Line Drive, 7S, EV 98.8 MPH)
Top of the 4th over - 0 runs, 1 hit, 0 errors, 0 left on base; Clemson University 1 - Oklahoma State University 8
BOTTOM OF THE 4TH
Oklahoma State University Cowboys batting - Pitching for Clemson University Tigers : RHP Jose Vigil
Batting: RHB Tanner Purchase 0-0: Ball
1-0: Called Strike
1-1: Ball
2-1: DOUBLE (Line Drive, 5D, EV 103.8 MPH)
Batting: RHB Sergio Torres 0-0: Ball
1-0: Called Strike
1-1: Ball
2-1: Foul Ball, location: 2F
2-2: Foul Ball, location: 2F
2-2: Ball
3-2: Strikes out looking
Batting: LHB Roman Downey 0-0: Ground out U3 (Groundball, 3, EV 105.6 MPH)
Tanner Purchase to third
Batting: SHB Mike Corley 0-0: Ball
1-0: Ball
2-0: Called Strike
2-1: SINGLE (Groundball, 4MD, EV 106.9 MPH)
Tanner Purchase scores
Batting: LHB Angel Mejia 0-0: Foul Ball, location: 2F
0-1: Ball
1-1: Ball
2-1: Ball
3-1: SINGLE (Flyball, 78M, EV 92.5 MPH)
Mike Corley to second
Batting: RHB Brian Gargis 0-0: Ball
1-0: Ball
2-0: 3-RUN HOME RUN (Flyball, 7LD, EV 97.5 MPH), Distance : 363 ft
Pitching: LHP Josh Milbry
Batting: RHB Chris Temple 0-0: Swinging Strike
0-1: Ball
1-1: Ball
2-1: SINGLE (Line Drive, 9S, EV 106.3 MPH)
Batting: RHB Cyril Husson 0-0: Called Strike
0-1: Foul Ball, location: 2F
0-2: Strikes out swinging
Bottom of the 4th over - 4 runs, 5 hits, 0 errors, 1 left on base; Clemson University 1 - Oklahoma State University 12
TOP OF THE 5TH
Clemson University Tigers batting - Pitching for Oklahoma State University Cowboys : RHP Brian Trejo
Batting: RHB Jonathan Kirsch 0-0: Swinging Strike
0-1: Ball
1-1: Called Strike
1-2: Ball
2-2: Ball
3-2: Fly out, F8 (Flyball, 8LXD, EV 95.6 MPH)
Batting: LHB Ichiro Toyota 0-0: Ball
1-0: Swinging Strike
1-1: Ball
2-1: Swinging Strike
2-2: Ball
3-2: Foul Ball, location: 2F
3-2: Strikes out swinging
Batting: SHB Blaine Peters 0-0: Ball
1-0: Fly out, F9 (Flyball, 89S, EV 93.8 MPH)
Top of the 5th over - 0 runs, 0 hits, 0 errors, 0 left on base; Clemson University 1 - Oklahoma State University 12
BOTTOM OF THE 5TH
Oklahoma State University Cowboys batting - Pitching for Clemson University Tigers : LHP Josh Milbry
Batting: SHB Robert Sayer 0-0: Foul Ball, location: 2F
0-1: Called Strike
0-2: Foul Ball, location: 2F
0-2: Ball
1-2: Ball
2-2: Fly out, F8 (Flyball, 78D, EV 98.1 MPH)
Batting: RHB Tanner Purchase 0-0: Ball
1-0: Foul Ball, location: 2F
1-1: Called Strike
1-2: SOLO HOME RUN (Flyball, 9D, EV 99.4 MPH), Distance : 373 ft
Batting: RHB Sergio Torres 0-0: Foul Ball, location: 2F
0-1: Called Strike
0-2: SINGLE (Groundball, 56D, EV 101.3 MPH)
Batting: LHB Roman Downey 0-0: Called Strike
0-1: Ball
1-1: Foul Ball, location: 2F
1-2: Foul Ball, location: 2F
1-2: Strikes out swinging
Batting: SHB Mike Corley 0-0: Foul Ball, location: 2F
0-1: Called Strike
0-2: Strikes out swinging
Bottom of the 5th over - 1 run, 2 hits, 0 errors, 1 left on base; Clemson University 1 - Oklahoma State University 13
TOP OF THE 6TH
Clemson University Tigers batting - Pitching for Oklahoma State University Cowboys : RHP Brian Trejo
Batting: RHB Bill Cabrera 0-0: Ball
1-0: Foul Ball, location: 2F
1-1: Fly out, F4 (Popup, 34D, EV 43.8 MPH)
Batting: RHB Chris McCoy 0-0: Called Strike
0-1: Ball
1-1: SINGLE (Flyball, 9LS, EV 91.3 MPH)
Batting: RHB Chris Tatum 0-0: Called Strike
0-1: Swinging Strike
0-2: Ball
Chris McCoy steals 2nd base (no throw)
1-2: Strikes out swinging
Pitching: LHP Brian O'Donnell
Batting: RHB Bubba Tierney 0-0: Ball
1-0: SINGLE (Groundball, 56D, EV 109.4 MPH)
Chris McCoy to third
Runner from 3rd tries for Home, SAFE, throw by LF to home
Batting: RHB Nick Solberg 0-0: Swinging Strike
0-1: Swinging Strike
0-2: Ball
1-2: Fly out, F3 (Flyball, 3D, EV 76.3 MPH)
Top of the 6th over - 1 run, 2 hits, 0 errors, 1 left on base; Clemson University 2 - Oklahoma State University 13
BOTTOM OF THE 6TH
Oklahoma State University Cowboys batting - Pitching for Clemson University Tigers : LHP Josh Milbry
Batting: LHB Angel Mejia 0-0: Ball
1-0: SINGLE (Line Drive, 6D, EV 98.1 MPH)
Pitching: RHP Hector Fernandez
Batting: RHB Brian Gargis 0-0: Ball
1-0: Foul Ball, location: 2F
1-1: Ball
2-1: Fly out, F9 (Line Drive, 9, EV 95.0 MPH)
Batting: RHB Chris Temple 0-0: Ball
1-0: Ball
2-0: Grounds into double play, 6-4-3 (Groundball, 6, EV 77.5 MPH)
Bottom of the 6th over - 0 runs, 1 hit, 0 errors, 0 left on base; Clemson University 2 - Oklahoma State University 13
TOP OF THE 7TH
Clemson University Tigers batting - Pitching for Oklahoma State University Cowboys : LHP Brian O'Donnell
Batting: LHB Jose Chavez 0-0: SOLO HOME RUN (Flyball, 9D, EV 98.8 MPH), Distance : 390 ft
Batting: RHB Jonathan Kirsch 0-0: Called Strike
0-1: Ball
1-1: Ball
2-1: Ball
3-1: SOLO HOME RUN (Flyball, 7D, EV 97.5 MPH), Distance : 399 ft
Batting: LHB Ichiro Toyota 0-0: Swinging Strike
0-1: Called Strike
0-2: Foul Ball, location: 2F
0-2: SOLO HOME RUN (Flyball, 7D, EV 97.5 MPH), Distance : 387 ft
Batting: SHB Blaine Peters 0-0: Ball
1-0: Ball
2-0: Called Strike
2-1: Ground out 6-3 (Groundball, 56, EV 103.1 MPH)
Batting: RHB Bill Cabrera 0-0: Called Strike
0-1: Ball
1-1: Ball
2-1: DOUBLE (Groundball, 5L, EV 105.0 MPH)
Batting: RHB Chris McCoy 0-0: Ground out 4-3 (Groundball, 4, EV 77.5 MPH)
Bill Cabrera to third
Batting: RHB Chris Tatum 0-0: Ball
1-0: Swinging Strike
1-1: Ball
2-1: Foul Ball, location: 2F
2-2: Fly out, F7 (Flyball, 78S, EV 83.8 MPH)
Top of the 7th over - 3 runs, 4 hits, 0 errors, 1 left on base; Clemson University 5 - Oklahoma State University 13
BOTTOM OF THE 7TH
Oklahoma State University Cowboys batting - Pitching for Clemson University Tigers : RHP Hector Fernandez
Batting: RHB Cyril Husson 0-0: Foul Ball, location: 2F
0-1: Ball
1-1: Foul Ball, location: 2F
1-2: Foul Ball, location: 2F
1-2: Ball
2-2: Foul Ball, location: 2F
2-2: Fly out, F9 (Flyball, 9, EV 82.5 MPH)
Batting: SHB Robert Sayer 0-0: Foul Ball, location: 2F
0-1: Fly out, F9 (Line Drive, 9, EV 94.4 MPH)
Batting: RHB Tanner Purchase 0-0: Ball
1-0: Fly out, F9 (Flyball, 9LM, EV 93.8 MPH)
Bottom of the 7th over - 0 runs, 0 hits, 0 errors, 0 left on base; Clemson University 5 - Oklahoma State University 13
TOP OF THE 8TH
Clemson University Tigers batting - Pitching for Oklahoma State University Cowboys : LHP Brian O'Donnell
Batting: RHB Bubba Tierney 0-0: Ball
1-0: Ground out 6-3 (Groundball, 6, EV 86.9 MPH)
Batting: RHB Nick Solberg 0-0: Ball
1-0: Ground out 5-3 (Groundball, 56, EV 86.9 MPH)
Batting: LHB Jose Chavez 0-0: Ball
1-0: Called Strike
1-1: Ball
2-1: Foul Ball, location: 2F
2-2: Ground out 4-3 (Groundball, 4, EV 110.0 MPH)
Top of the 8th over - 0 runs, 0 hits, 0 errors, 0 left on base; Clemson University 5 - Oklahoma State University 13
BOTTOM OF THE 8TH
Oklahoma State University Cowboys batting - Pitching for Clemson University Tigers : RHP Hector Fernandez
Batting: RHB Sergio Torres 0-0: Foul Ball, location: 2F
0-1: Called Strike
0-2: Ball
1-2: Foul Ball, location: 2F
1-2: Foul Ball, location: 2F
1-2: Ball
2-2: Ball
3-2: Foul Ball, location: 2F
3-2: SOLO HOME RUN (Line Drive, 9D, EV 102.5 MPH), Distance : 382 ft
Batting: LHB Roman Downey 0-0: Ball
1-0: Ball
2-0: Called Strike
2-1: SINGLE (Groundball, 4D, EV 109.4 MPH)
Pitching: RHP Mike Lambert
Batting: SHB Mike Corley 0-0: Swinging Strike
0-1: SINGLE (Groundball, 34D, EV 101.3 MPH)
Roman Downey to second
Batting: LHB Angel Mejia 0-0: Ball
1-0: DOUBLE (Flyball, 8LD, EV 99.4 MPH)
Roman Downey scores
Mike Corley to third
Batting: RHB Brian Gargis 0-0: Foul Ball, location: 2F
0-1: Foul Ball, location: 2F
0-2: Ball
1-2: Ball
2-2: Foul Ball, location: 2F
2-2: Ball
3-2: Base on Balls
Batting: RHB Chris Temple 0-0: Ball
1-0: Grounds into double play, 4-6-3 (Groundball, 4, EV 98.8 MPH)
Mike Corley scores
Angel Mejia to third
Batting: RHB Cyril Husson 0-0: Ball
1-0: Ball
2-0: Called Strike
2-1: Foul Ball, location: 2F
2-2: Ball
3-2: Foul Ball, location: 2F
3-2: Base on Balls
Pitching: RHP John Corfield
Batting: SHB Robert Sayer 0-0: Foul Ball, location: 2F
0-1: Fly out, F4 (Line Drive, 4, EV 66.3 MPH)
Bottom of the 8th over - 3 runs, 4 hits, 0 errors, 2 left on base; Clemson University 5 - Oklahoma State University 16
TOP OF THE 9TH
Clemson University Tigers batting - Pitching for Oklahoma State University Cowboys : LHP Brian O'Donnell
Batting: RHB Jonathan Kirsch 0-0: Called Strike
0-1: Foul Ball, location: 2F
0-2: SINGLE (Line Drive, 8LS, EV 97.5 MPH)
Batting: LHB Ichiro Toyota 0-0: Ball
1-0: Ball
2-0: Ball
3-0: Called Strike
3-1: Base on Balls
Jonathan Kirsch to second
Pitching: RHP Matt Sannes
Batting: SHB Blaine Peters 0-0: Ball
1-0: Fly out, F5 (Popup, 56S, EV 66.9 MPH)
Batting: RHB Bill Cabrera 0-0: Ball
1-0: Grounds into double play, 4-6-3 (Groundball, 4, EV 82.5 MPH)
Top of the 9th over - 0 runs, 1 hit, 0 errors, 1 left on base; Clemson University 5 - Oklahoma State University 16
Thursday, March 31st , 2022 - OOTP Baseball 22.12 Build 89